 Seeded DCSS version 0.30-a0-159-g068b764562 (webtiles) character file.

Game seed: 1390893936131305701 (custom seed)

17 valliere the Conjurer (level 2, 15/15 HPs)
             Began as a Deep Elf Conjurer on Sept 27, 2022.
             Quit the game on level 1 of the Dungeon.
             The game lasted 00:00:55 (676 turns).

valliere the Conjurer (Deep Elf Conjurer)            Turns: 676, Time: 00:00:56

Health: 15/15      AC:  7    Str:  6    XL:     2   Next: 44%
Magic:  5/8        EV: 11    Int: 22    God:
Gold:   76         SH:  0    Dex: 13    Spells: 6/7 levels left

rFire   . . .      SeeInvis .    (no weapon)
rCold   + + .      Faith    .    (no shield)
rNeg    . . .      Spirit   .    g - +0 leather armour
rPois   .          Reflect  .    (no helmet)
rElec   .          Harm     .    (no cloak)
rCorr   .          Rampage  .    (no gloves)
Will    .....                    c - +3 pair of boots "Povuoloucs" {rC++ Str+2}
Stlth   ++........               (no amulet)
HPRegen 0.05/turn                (no ring)
MPRegen 0.11/turn                (no ring)

@: very slightly contaminated
A: no striking features
a: no special abilities


You were on level 1 of the Dungeon.
You visited 1 branch of the dungeon, and saw 1 of its levels.

You collected 76 gold pieces.

Inventory:

Armour
 a - a +0 robe
 c - the +3 pair of boots "Povuoloucs" (worn) {rC++ Str+2}
   (You acquired it on level 1 of the Dungeon)

   Str:       It affects your strength (+2).
   rC:        It greatly protects you from cold.
 g - a +0 leather armour (worn)
Jewellery
 e - a ring of protection from cold
Scrolls
 f - a scroll of noise {unknown}
 h - a scroll of vulnerability {unknown}
 i - a scroll of identify {unknown}
 k - a scroll of magic mapping {unknown}
 l - a scroll of enchant weapon {unknown}
Potions
 b - a potion of magic
 d - a potion of heal wounds {unknown}
 j - a potion of attraction {unknown}


   Skills:
 + Level 2.8 Dodging
 + Level 2.9 Stealth
 + Level 3.3 Spellcasting
 + Level 4.6 Conjurations


You had 6 spell levels left.
You knew the following spells:

 Your Spells              Type           Power      Damage    Failure   Level
a - Magic Dart            Conj           96%        1d7       2%          1

Your spell library contained the following spells:

 Spells                   Type           Power      Damage    Failure   Level
 Searing Ray              Conj           48%        2d6       4%          2
 Dazzling Flash           Conj/Hex       26%        N/A       22%         3
 Kindle Blastsparks       Fire/Tloc/Air  6%         2d10      50%         3
 Summon Guardian Golem    Hex/Summ       3%         N/A       50%         3
 Fulminant Prism          Conj/Hex       6%         3d7       58%         4
 Iskenderun's Mystic Bla  Conj/Tloc      13%        2d5       58%         4
 Lee's Rapid Deconstruct  Erth           1%         3d5*      99%         5
 Orb of Destruction       Conj           12%        9d7       100%        7
 Spellforged Servitor     Conj/Summ      6%         N/A       100%        7


Dungeon Overview and Level Annotations

Branches:
Dungeon (1/15)

Altars:


Message History

A ball python comes into view.
The magic dart hits the ball python.
You kill the ball python!
You can't see any susceptible monsters within range! (Use Z to cast anyway.)
l - a scroll labelled PAROMO COURPH A ball python comes into view.
A ball python is nearby!
The magic dart hits the ball python.
The ball python is heavily wounded.
The ball python hisses angrily.
The magic dart hits the ball python.
You kill the ball python!
You can't see any susceptible monsters within range! (Use Z to cast anyway.)
You can't see any susceptible monsters within range! (Use Z to cast anyway.)
Found a faded altar of an unknown god.
You see here a ball python corpse.
A rat comes into view.
A rat is nearby!
The magic dart hits the rat.
You kill the rat!
A ball python comes into view.
The magic dart hits the ball python.
You kill the ball python!
You can't see any susceptible monsters within range! (Use Z to cast anyway.)
You can't see any susceptible monsters within range! (Use Z to cast anyway.)
You see here a ball python corpse.
You pick up a book of Dangerous Friends and begin reading...
You add the spells Summon Guardian Golem, Orb of Destruction and Spellforged Servitor to your library.
A goblin and a bat come into view.
Found 11 gold pieces.
There are monsters nearby!
The magic dart hits the goblin.
You kill the goblin!
The bat hits you but does no damage.
You miscast Magic Dart.
You are very lightly contaminated with residual magic.
Nothing appears to happen.
The bat hits you but does no damage.
The magic dart hits the bat.
You kill the bat!
Are you sure you want to abandon this character and quit the game? (Confirm with "yes".)

..##.#....#.##.###
#.#
..##.######.##...#
#.#
#..............#.#
#.#
#...########.....###
#.# ###.##
#####...###.#
##.#.#####.#
#.......#
#.###....[.#
#.#.#####
##.#.#####.# #.#.#
##.## #@#.# ##.##
#$...)..#.#
##...#############.#
...#....##########.#
##...#...#.........#
.....#....##########
.##.###..###..##
.##.##..## ##..##
.##.#.†..###....#


There were no monsters in sight!

Vanquished Creatures
  3 ball pythons (D:1)
  3 bats (D:1)
  2 endoplasms (D:1)
  2 goblins (D:1)
  A hobgoblin (D:1)
  A quokka (D:1)
  2 kobolds (D:1)
  A rat (D:1)
15 creatures vanquished.

Notes
Turn   | Place    | Note
-------+----------+-------------------------------------------
     0 | D:1      | valliere the Deep Elf Conjurer began the quest for the Orb.
     0 | D:1      | Reached XP level 1. HP: 10/10 MP: 6/6
   172 | D:1      | Identified a scroll of acquirement
   172 | D:1      | Acquired the +3 pair of boots "Povuoloucs" {rC++ Str+2}
   282 | D:1      | Reached XP level 2. HP: 15/15 MP: 4/8
   593 | D:1      | Found a faded altar of an unknown god.
   676 | D:1      | Quit the game

Illustrated notes

Levels and vault maps discovered:
D:1:      zelgadis_glass_arrival_small, layout_loops_ring,
          nicolae_ecumenical_snake_handling, feat_on_display

Action                   || total
-------------------------++-------
 Cast: Magic Dart        ||    27
  Use: Scroll            ||     1
Armor: Robe              ||     1
       Leather armour    ||     2
Dodge: Dodged            ||     3

Table legend: (Time is in decaauts)
 A = Elapsed time spent in this place.
 B = Non-inter-level travel time spent in this place.
 C = Inter-level travel time spent in this place.
 D = Time resting spent in this place.
 E = Time spent auto-exploring this place.
 F = Levels seen in this place.
 G = Mean time per level.
                   A        B        C        D        E       F      G
               +--------+--------+--------+--------+--------+-----+--------+
         Total |    676 |    676 |      0 |      0 |    590 |   1 |  676.0 |
       Dungeon |    676 |    676 |      0 |      0 |    590 |   1 |  676.0 |
               +--------+--------+--------+--------+--------+-----+--------+

Top non-repeatable levels by time:
     D:1: 676 daAuts
